 Dungeon Crawl Stone Soup version 0.25-a0-513-ge77a69270c (webtiles) character file.

Game seed: 4793371705616723056, levelgen mode: deterministic

919 Error4North the Chopper (level 8, 0/67 HPs)
             Began as a Hill Orc Fighter on Feb 16, 2020.
             Slain by an ogre
             ... wielding a +0 giant club
              (9 damage)
             ... on level 5 of the Dungeon.
             The game lasted 00:11:50 (4246 turns).

Error4North the Chopper (Hill Orc Fighter)          Turns: 4246, Time: 00:11:51

Health: 0/67       AC: 14    Str: 25    XL:     8   Next: 9%
Magic:  8/8        EV:  5    Int:  8    God:
Gold:   256        SH: 10    Dex: 10    Spells: 7/7 levels left

rFire    . . .     SeeInvis .   a - +0 war axe
rCold    . . .     Gourm    .   c - +0 kite shield
rNeg     + . .     Faith    .   t - +0 plate armour
rPois    .         Spirit   .   v - +0 helmet of Geokkus {rElec rCorr Str+4} (curse)
rElec    +         Reflect  .   p - scarf {repulsion}
rCorr    +         Harm     .   (no gloves)
MR       +....                  (no boots)
Stlth    ..........             (no amulet)
HPRegen  0.21/turn              q - ring of positive energy
MPRegen  0.11/turn              n - ring of protection from magic

@: repel missiles
A: no striking features
a: no special abilities


You were on level 5 of the Dungeon.
You were not hungry.

You visited 1 branch of the dungeon, and saw 5 of its levels.

You collected 256 gold pieces.

Inventory:

Hand Weapons
 a - a +0 war axe (weapon)
 u - a +3 mace
Missiles
 s - 9 boomerangs (quivered)
Armour
 c - a +0 kite shield (worn)
 p - a scarf of repulsion (worn)
 t - a +0 plate armour (worn)
 v - the cursed +0 helmet of Geokkus (worn) {rElec rCorr Str+4}
   (You found it on level 4 of the Dungeon)

   It affects your strength (+4).
   It insulates you from electricity.
   It provides partial protection from all sources of acid and corrosion.
   If you remove this armour, your AC will decrease by 2 (14 -> 12).
   It has a curse placed upon it.
Jewellery
 i - an uncursed ring of flight
 n - a ring of protection from magic (right hand)
 q - a ring of positive energy (left hand)
 x - an uncursed ring of protection from cold
 y - a cursed ring of attention {unknown}
Wands
 k - a wand of digging (3)
Scrolls
 b - 2 scrolls of enchant armour {unknown}
 e - 6 scrolls of remove curse
 g - 2 scrolls of enchant weapon {unknown}
 h - 3 scrolls of identify
 l - a scroll of immolation {unknown}
 m - 3 scrolls of teleportation
 o - 2 scrolls of blinking {unknown}
 z - a scroll of magic mapping {unknown}
 B - a scroll of fog {unknown}
 C - a scroll of noise {unknown}
Potions
 d - a potion of might
 j - a potion of berserk rage {unknown}
 r - 2 potions of curing {unknown}
 w - a potion of brilliance {unknown}
 A - a potion of flight {unknown}
Comestibles
 f - 8 rations
 D - a chunk of flesh


   Skills:
 + Level 4.9 Fighting
 + Level 6.7 Axes
 * Level 6.2 Armour
 + Level 0.3 Dodging
 + Level 0.2 Stealth
 * Level 6.3 Shields


You had 7 spell levels left.
You didn't know any spells.
Your spell library was empty.

Dungeon Overview and Level Annotations

Branches:
Dungeon (5/15)
 Temple: D:4-7

Altars:
Cheibriados
Uskayaw


Message History

You hit the worker ant.
You kill the worker ant!
Your plate armour prevents you from hitting the ogre.
The ogre hits you with a +0 giant club! The ogre hits you with a +0 giant club!
The ogre hits you with a +0 giant club!
You completely miss the ogre.
The ogre is lightly wounded.
You block the ogre's attack.
You barely miss the ogre.
The ogre is lightly wounded.
The ogre hits you with a +0 giant club!
* * * LOW HITPOINT WARNING * * *
Your plate armour prevents you from hitting the ogre.
The ogre is lightly wounded.
You block the ogre's attack.
You hit the ogre but do no damage.
The ogre is lightly wounded.
The ogre hits you with a +0 giant club!
You die...

##.#
##.##.................
...##................
#..##...............##
##.##................#
#..#................##
##.#.(...............#
#.#.................#
#.............@.!.?.#
##........?..O......#
#............$.....#
#.............>..###
##.#......$...####
#รท)###....####
##.##....## #.##...##
.......#


You could see an ogre.

Vanquished Creatures
  A wyvern (D:3)
  An ogre (D:5)
  A centaur (D:5)
  A crimson imp (D:5)
  A hound (D:4)
  5 orc wizards
  An orc priest (D:4)
  Ijyb (D:4)
  Terence (D:2)
  2 iguanas (D:4)
  4 worker ants
  Robin (D:4)
  3 adders
  2 shadow imps (D:5)
  An adder skeleton (D:4)
  2 worms (D:4)
  A dart slug (D:1)
  2 leopard geckos
  22 orcs
  3 bats (D:3)
  2 giant cockroaches
  15 goblins
  6 hobgoblins
  4 jackals (D:2)
  6 kobolds
  A quokka (D:3)
  3 frilled lizards
  A leopard gecko skeleton (D:4)
  9 rats
103 creatures vanquished.

Notes
Turn   | Place    | Note
-------+----------+-------------------------------------------
     0 | D:1      | Error4North the Hill Orc Fighter began the quest for the
                  | Orb.
     0 | D:1      | Reached XP level 1. HP: 19/19 MP: 1/1
   211 | D:1      | Reached XP level 2. HP: 27/27 MP: 2/2
  1003 | D:2      | Reached XP level 3. HP: 33/33 MP: 3/3
  1145 | D:2      | Noticed Terence
  1158 | D:2      | Killed Terence
  1228 | D:2      | Found a snail-covered altar of Cheibriados.
  1292 | D:2      | Found a hide-covered altar of Uskayaw.
  1716 | D:3      | Reached XP level 4. HP: 40/40 MP: 4/4
  1842 | D:3      | Noticed a wyvern
  1855 | D:3      | Killed a wyvern
  1855 | D:3      | Reached skill level 5 in Armour
  1855 | D:3      | Reached XP level 5. HP: 8/46 MP: 5/5
  2158 | D:3      | Reached XP level 6. HP: 52/52 MP: 6/6
  2398 | D:3      | Reached skill level 5 in Shields
  2578 | D:4      | Noticed Ijyb
  2591 | D:4      | Killed Ijyb
  2614 | D:4      | Got a fine helmet
  2615 | D:4      | Identified the cursed +0 helmet of Geokkus {rElec rCorr
                  | Str+4} (You found it on level 4 of the Dungeon)
  2681 | D:4      | Reached skill level 5 in Axes
  2681 | D:4      | Reached XP level 7. HP: 43/60 MP: 7/7
  2763 | D:4      | Noticed Robin
  2776 | D:4      | Killed Robin
  3421 | D:5      | Entered Level 5 of the Dungeon
  4213 | D:5      | Reached XP level 8. HP: 59/67 MP: 8/8
  4246 | D:5      | Slain by an ogre

Levels and vault maps discovered:
D:1:      heliophobic_arrival_henge, layout_basic,
          chequers_serial_rivers_small_3, minmay_tromino_mix6
D:2:      layout_loops_ring, marbit_many_paths, cheibriados_altar_1,
          uniq_terence
D:3:      layout_basic
D:4:      layout_cave_pods, first_ration, kennysheep_generic_room_7, uniq_robin,
          uniq_ijyb
D:5:      wad_lake_hut, layout_cave_pods

Skill      XL: |  1  2  3  4  5  6  7 |
---------------+----------------------+-----
Fighting       | 4 |  4.9
Axes           | 3 4 5 6 |  6.7
Armour         | 4 5 6 |  6.2
Shields        | 4 5 6 |  6.3
Dodging        | |  0.3
Stealth        | |  0.2

Action                   |  1- 3 |  4- 6 |  7- 9 || total
-------------------------+-------+-------+-------++-------
Melee: War axe           |    69 |   124 |   129 ||   322
  Use: Scroll            |     1 |     4 |       ||     5
       Potion            |       |     1 |       ||     1
  Eat: Chunk             |     2 |     3 |     3 ||     8
       Ration            |       |       |     1 ||     1
Armor: Scale mail        |    13 |       |       ||    13
       Chain mail        |    23 |    25 |       ||    48
       Plate armour      |       |    79 |    90 ||   169
Dodge: Dodged            |    21 |    24 |    26 ||    71
       Deflected         |       |     1 |     8 ||     9
Block: Kite shield       |    37 |    92 |    94 ||   223

Table legend:
 A = Non-vault XP
 B = Vault XP
 C = Vault XP percentage of total XP
 D = Non-vault monster count
 E = Vault monster count
 F = Vault count percentage of total count
                 A         B        C        D         E       F
            +---------+---------+-------+---------+---------+-------
      Total |    1194 |     119 |   9.1 |      84 |      19 |  18.4
            +---------+---------+-------+---------+---------+-------
        D:1 |      30 |       2 |   6.2 |      18 |       2 |  10.0
        D:2 |      12 |      37 |  75.5 |       6 |       2 |  25.0
        D:3 |     329 |       0 |   0.0 |      17 |       0 |   0.0
        D:4 |     345 |      80 |  18.8 |      27 |      15 |  35.7
        D:5 |     478 |       0 |   0.0 |      16 |       0 |   0.0
            +---------+---------+-------+---------+---------+-------
